 Dungeon Crawl Stone Soup version 0.23-b1-3-gdda8187c6f (webtiles) character file.

Game seed: 16287768358324841183

71520 Kisielow the Fencer (level 14, -1/129 HPs)
             Began as a Minotaur Fighter on Feb 1, 2019.
             Was the Champion of Okawaru.
             Killed by divine providence
             ... invoked by a daeva
              (9 damage)
             ... on level 2 of the Abyss.
             The game lasted 00:57:13 (19943 turns).

Kisielow the Fencer (Minotaur Fighter)             Turns: 19943, Time: 00:57:13

Health: -1/129     AC: 25    Str: 28    XL:     14   Next: 98%
Magic:  19/19      EV: 13    Int:  5    God:    Okawaru [******]
Gold:   1150       SH: 18    Dex: 11    Spells: 13/13 levels left

rFire    + . .     SeeInvis .   x - +8 long sword of Zuntih {freeze, *Drain rF+ rC+}
rCold    + + .     Gourm    .   c - +1 shield
rNeg     . . .     Faith    .   n - +3 plate armour {rC+}
rPois    .         Spirit   .   z - +0 hat of Narcissism {rElec Regen+ rCorr Stlth-}
rElec    +         Reflect  +   L - scarf {cloud immunity}
rCorr    +         Harm     .   b - +1 pair of gloves
MR       +....                  m - +2 pair of boots
Stlth    ..........             o - +3 amulet of reflection
HPRegen  0.71/turn              v - +6 ring of evasion
MPRegen  0.16/turn              e - +3 ring of strength

@: about to teleport, glowing
A: retaliatory headbutt, horns 2
a: Heroism, Finesse, Renounce Religion


You were on level 2 of the Abyss.
You worshipped Okawaru.
Okawaru was exalted by your worship.
You were very hungry.

You visited 3 branches of the dungeon, and saw 19 of its levels.
You visited the Abyss 1 time.
You also visited: Gauntlet and Ice Cave.

You collected 1354 gold pieces.
You spent 204 gold pieces at shops.

Inventory:

Hand Weapons
 a - a +0 long sword
 x - the +8 long sword of Zuntih (weapon) {freeze, *Drain rF+ rC+}
   (You bought it in a shop on level 5 of the Dungeon)

   It has been specially enchanted to freeze those struck by it, causing extra
   injury to most foes and up to half again as much damage against particularly
   susceptible opponents.
   It can also slow down cold-blooded creatures.
   It protects you from fire.
   It protects you from cold.
   It causes draining when unequipped.
 H - a +0 scimitar of flaming
Armour
 b - a +1 pair of gloves (worn)
 c - a +1 shield (worn)
 m - a +2 pair of boots (worn)
 n - a +3 plate armour of cold resistance (worn)
 y - a +0 cloak
 z - the +0 hat of Narcissism (worn) {rElec Regen+ rCorr Stlth-}
   (Okawaru gifted it to you on level 2 of the Lair of Beasts)

   It insulates you from electricity.
   It increases your rate of regeneration.
   It provides partial protection from all sources of acid and corrosion.
   It makes you less stealthy.
 L - a scarf of cloud immunity (worn)
 M - a +2 helmet
Jewellery
 e - a +3 ring of strength (right hand)
 o - a +3 amulet of reflection (around neck)
 r - an uncursed ring of protection from cold {unknown}
 v - a +6 ring of evasion (left hand)
 C - an uncursed ring of ice
 F - an uncursed ring of fire
 G - an uncursed ring of flight
 I - an uncursed ring of wizardry {unknown}
Wands
 d - a wand of digging (7)
 u - a wand of disintegration (13)
 w - a wand of random effects (4)
 D - a wand of acid (15)
 E - a wand of enslavement (9)
 K - a wand of polymorph (22)
 O - a wand of flame (41)
Scrolls
 g - a scroll of fog
 h - 7 scrolls of magic mapping
 j - 14 scrolls of remove curse
 k - 6 scrolls of teleportation
 l - a scroll of enchant armour
 s - a scroll of blinking
 t - a scroll of identify
 N - a scroll of silence
Potions
 i - 2 potions of cancellation
 A - a potion of brilliance {unknown}
 B - a potion of flight
 J - 2 potions of agility
 P - a potion of magic {unknown}
 Q - a potion of haste
 R - a potion of invisibility
 S - a potion of berserk rage
Comestibles
 f - 32 rations


   Skills:
 + Level 13.1 Fighting
 * Level 17.5 Long Blades
 + Level 13.0 Armour
 + Level 13.1 Shields
 - Level 8.3 Invocations
 - Level 8.0 Evocations


You had 13 spell levels left.
You didn't know any spells.
Your spell library contained the following spells:

 Spells                   Type           Power        Failure   Level  Hunger
 Corona                   Hex            #......      99%         1    ##.....
 Summon Butterflies       Summ           #.......     99%         1    ##.....
 Summon Small Mammal      Summ           #...         99%         1    ##.....
 Call Imp                 Summ           #.......     100%        2    ###....
 Ensorcelled Hibernation  Hex/Ice        #.....       100%        2    ###....
 Poisonous Vapours        Pois/Air       #.....       100%        2    ###....
 Slow                     Hex            #.......     100%        2    ###....
 Throw Frost              Conj/Ice       #.....       100%        2    ###....
 Call Canine Familiar     Summ           #.......     100%        3    ####...
 Confuse                  Hex            #.......     100%        3    ####...
 Conjure Flame            Conj/Fire      #.......     100%        3    ####...
 Dazzling Spray           Conj/Hex       #.....       100%        3    ####...
 Ignite Poison            Fire/Tmut/Pois #.......     100%        3    ####...
 Mephitic Cloud           Conj/Pois/Air  #.......     100%        3    ####...
 Recall                   Summ/Tloc      N/A          100%        3    ####...
 Summon Guardian Golem    Hex/Summ       #.......     100%        3    ####...
 Tukima's Dance           Hex            #.......     100%        3    ####...
 Animate Dead             Necr           N/A          100%        4    #####..
 Cause Fear               Hex            #.........   100%        4    #####..
 Summon Ice Beast         Ice/Summ       #.......     100%        4    #####..
 Summon Lightning Spire   Summ/Air       #.......     100%        4    #####..
 Borgnjor's Vile Clutch   Necr/Erth      #.........   100%        5    ######.
 Fireball                 Conj/Fire      #.........   100%        5    ######.
 Summon Mana Viper        Hex/Summ       #.......     100%        5    ######.
 Bolt of Fire             Conj/Fire      #.........   100%        6    #######
 Death Channel            Necr           #.........   100%        6    #######
 Freezing Cloud           Conj/Ice/Air   #.........   100%        6    #######
 Ozocubu's Refrigeration  Ice            #.........   100%        6    #######
 Simulacrum               Ice/Necr       #.........   100%        6    #######
 Ring of Flames           Chrm/Fire      #.........   100%        7    #######
 Summon Hydra             Summ           #.........   100%        7    #######
 Ignition                 Fire           #.........   100%        8    #######


Dungeon Overview and Level Annotations

Branches:
Dungeon (12/15)            Temple (1/1) D:7            Lair (6/6) D:10
 Shoals (0/4) Lair:3        Snake (0/4) Lair:4        Slime (0/5) Lair:5
    Orc (0/2) D:12

Altars:
Ashenzari
Cheibriados
Dithmenos
Elyvilon
Fedhas
Gozag
Hepliaklqana
Kikubaaqudgha
Makhleb
Nemelex Xobeh
Okawaru
Qazlal
Ru
Sif Muna
Trog
Uskayaw
Vehumet
Wu Jian
Xom
Yredelemnul
Zin
The Shining One

Shops:
D:5 :(   D:8 *   D:9 }?   D:10 *(!

Annotations:
Lair:3 exclusion: oklob plant Gauntlet 8 transporters, 2 runed translucent doors, exclusion: obsidian statue


Innate Abilities, Weirdness & Mutations

You reflexively headbutt those who attack you in melee.
You have a pair of horns on your head.


Message History

* * * LOW HITPOINT WARNING * * *
The daeva closely misses you.
The daeva calls down the wrath of the Shining One upon you.
The Shining One smites you!
* * * LOW HITPOINT WARNING * * *
The daeva calls down the wrath of the Shining One upon you.
The Shining One smites you!
* * * LOW HITPOINT WARNING * * *
You block the daeva's attack. x2
You block the daeva's attack. The daeva hits you but does no damage.
The daeva hits you with a +4 long sword of holy wrath.
* * * LOW HITPOINT WARNING * * *
You block the daeva's attack.
The daeva hits you with a +4 long sword of holy wrath!
* * * LOW HITPOINT WARNING * * *
You block the daeva's attack. The daeva hits you but does no damage.
The daeva closely misses you.
The daeva calls down the wrath of the Shining One upon you.
The Shining One smites you!
You die...

. . ## . ..# . ##
##..# .#§. . .
... ....... ... .
.. .... ... .. .#
.##. ##..##. #
..# ..#
..##..###.##..###
..
...####.#.#....♣
.....#......#...
. .. # .# . #..@♣
##.. #.#.#A♣♣#.
## ........#.♣...
.... #
##...##.#.......
. .. #.#.. ......
. #. #..........
.# # .# #.##.....
.# . ......## ##
...# .... .#


You could see a daeva.

Vanquished Creatures
  Gastronok (Lair:3)
  The ghost of Necrophagist the Bludgeoner, a journeyman HOFi of Qazlal (Lair:6)
  The ghost of Taxzan the Cleaver, a journeyman MiGl of Okawaru (Lair:1)
  7 hydras
  An ice dragon (Lair:5)
  Erica (Lair:1)
  3 two-headed ogres
  2 thrashing horrors (Abyss:2)
  A fire crab (Gauntlet)
  Pikel (D:6)
  An obsidian statue (D:10)
  A wolf spider (Gauntlet)
  A manticore (D:11)
  A moth of wrath (Gauntlet)
  A worldbinder (Abyss:2)
  A cyclops (D:11)
  3 ugly things
  A merfolk siren (Lair:3)
  7 elephants
  5 black mambas
  A smoke demon (Abyss:2)
  2 ice statues (IceCv)
  A gargoyle (D:10)
  28 spiny frogs
  A rime drake (Lair:6)
  6 komodo dragons
  A freezing wraith (Abyss:2)
  A polar bear (Lair:3)
  Grinder (D:6)
  4 tyrant leeches (Lair:6)
  2 trolls
  2 hornets
  14 hippogriffs
  26 blink frogs
  3 raiju (Abyss:2)
  17 dream sheep
  3 large abominations (Abyss:2)
  3 redbacks (Gauntlet)
  6 spriggans (Lair:1)
  3 starcursed masses (Abyss:2)
  3 fire bats (Gauntlet)
  A wraith (D:10)
  4 wyverns
  49 yaks
  A vampire (D:10)
  A basilisk (Lair:5)
  A golden eye (Abyss:2)
  2 humans (D:9)
  A neqoxec (Abyss:2)
  4 swamp worms (D:9)
  6 vampire mosquitoes (Lair:6)
  Edmund (D:6)
  5 nagas (Lair:4)
  3 soldier ants
  12 water moccasins
  A warg (D:12)
  2 hell hounds (Gauntlet)
  7 porcupines
  11 ice beasts
  2 sky beasts
  4 orc warriors
  2 slaves (D:6)
  A black bear (D:10)
  2 phantoms
  An eye of draining (D:11)
  3 ogres
  9 wolves
  4 centaurs
  16 crocodiles
  2 big kobolds
  27 bullfrogs
  4 scorpions
  12 killer bees
  10 wights (D:9)
  4 howler monkeys
  5 electric eels
  A bullfrog zombie (D:5)
  A crimson imp (D:6)
  2 quasits
  2 hounds
  3 orc priests
  5 orc wizards
  A bullfrog skeleton (D:7)
  5 jellies
  3 centaur skeletons
  3 iguanas
  4 hell rats
  7 worker ants
  2 hound zombies
  A hound skeleton (D:9)
  A worker ant zombie (D:7)
  12 gnolls
  10 adders
  15 white imps
  3 oozes
  4 worms
  A dart slug (D:2)
  8 leopard geckos
  34 orcs
  3 giant cockroaches
  4 goblins
  4 hobgoblins
  4 jackals (D:2)
  12 kobolds
  4 quokkas
  8 bats
  A frilled lizard (D:5)
  A jackal skeleton (D:5)
  A quokka skeleton (D:7)
  A quokka zombie (D:6)
  8 rats
  A plant (D:10)
569 creatures vanquished.

Vanquished Creatures (others)
  12 fungi
  56 plants
68 creatures vanquished.

Grand Total: 637 creatures vanquished

Notes
Turn   | Place    | Note
-------+----------+-------------------------------------------
     0 | D:1      | Kisielow the Minotaur Fighter began the quest for the Orb.
     0 | D:1      | Reached XP level 1. HP: 19/19 MP: 0/0
   291 | D:1      | Reached skill level 3 in Long Blades
   747 | D:1      | Reached XP level 2. HP: 23/26 MP: 1/1
  1049 | D:2      | Reached skill level 4 in Long Blades
  1283 | D:2      | Reached XP level 3. HP: 31/31 MP: 2/2
  1599 | D:3      | Reached skill level 5 in Long Blades
  1688 | D:3      | Reached XP level 4. HP: 39/40 MP: 3/3
  2156 | D:3      | Reached XP level 5. HP: 45/46 MP: 4/4
  2512 | D:4      | Got a slimy helmet
  2518 | D:4      | Identified the +2 helmet "Vaneas" {rN+} (You found it on
                  | level 4 of the Dungeon)
  2569 | D:4      | Reached skill level 6 in Long Blades
  2761 | D:4      | Reached XP level 6. HP: 49/53 MP: 5/5
  2888 | D:5      | Entered Level 5 of the Dungeon
  2946 | D:5      | Noticed an ice beast
  2962 | D:5      | Killed an ice beast
  3169 | D:5      | Noticed an ice beast
  3182 | D:5      | Killed an ice beast
  3201 | D:5      | Found Gan Piagg's Book Shop.
  3212 | D:5      | Reached skill level 7 in Long Blades
  3217 | D:5      | Reached skill level 5 in Fighting
  3217 | D:5      | Reached skill level 5 in Armour
  3217 | D:5      | Reached skill level 5 in Shields
  3217 | D:5      | Reached XP level 7. HP: 61/61 MP: 6/6
  3505 | D:5      | Found a white marble altar of Elyvilon.
  3595 | D:5      | Found Xaicwas's Antique Weapon Shoppe.
  3988 | D:6      | Noticed Edmund
  4015 | D:6      | Killed Edmund
  4206 | D:6      | Identified the +1 war axe "Pofomoar" {flame, Str+6 Int-4}
  4328 | D:6      | Reached skill level 8 in Long Blades
  4382 | D:6      | Reached XP level 8. HP: 65/70 MP: 7/7
  4396 | D:6      | Noticed Grinder
  4413 | D:6      | Killed Grinder
  4514 | D:6      | Noticed a hippogriff
  4524 | D:6      | Killed a hippogriff
  4524 | D:6      | Reached skill level 9 in Long Blades
  4669 | D:6      | Noticed Pikel
  4699 | D:6      | Killed Pikel
  4699 | D:6      | Reached skill level 10 in Long Blades
  4699 | D:6      | Reached XP level 9. HP: 77/79 MP: 8/8
  4904 | D:5      | Bought an iridescent long sword for 204 gold pieces
  4904 | D:5      | Identified the +8 long sword of Zuntih {freeze, *Drain rF+
                  | rC+} (You bought it in a shop on level 5 of the Dungeon)
  5208 | D:7      | Found a staircase to the Ecumenical Temple.
  5217 | Temple   | Entered the Ecumenical Temple
  5655 | D:8      | Found an opulent altar of Gozag.
  5656 | D:8      | Found Gozag's Platinum Reserve.
  6224 | D:9      | Reached skill level 11 in Long Blades
  6339 | D:9      | Found Fodic's Magic Scroll Shop.
  6689 | D:9      | Found a hide-covered altar of Uskayaw.
  6689 | D:9      | Found a white marble altar of Elyvilon.
  6704 | D:9      | Reached XP level 10. HP: 78/89 MP: 9/9
  7310 | D:9      | Found Zuukk's Gadget Boutique.
  7399 | D:9      | Reached skill level 12 in Long Blades
  7663 | D:9      | Found an iron altar of Okawaru.
  7706 | D:9      | Became a worshipper of Warmaster Okawaru
  7875 | D:9      | Reached skill level 1 in Invocations
  7875 | D:9      | Reached skill level 1 in Evocations
  8288 | D:10     | Entered Level 10 of the Dungeon
  8288 | D:10     | Noticed a two-headed ogre
  8298 | D:9      | Killed a two-headed ogre
  8393 | D:10     | Reached * piety under Okawaru
  8408 | D:10     | Noticed an obsidian statue
  8439 | D:10     | Found Cuziyr's General Store.
  8498 | D:10     | Found a staircase to the Lair.
  8588 | D:10     | Noticed a gargoyle
  8606 | D:10     | Killed a gargoyle
  8606 | D:10     | Reached ** piety under Okawaru
  8606 | D:10     | Reached XP level 11. HP: 70/95 MP: 10/13
  8714 | D:10     | Found Nog Zadd's Distillery.
  8730 | D:10     | Reached skill level 5 in Invocations
  8983 | D:10     | Found Onteur's Weapon Shoppe.
  9202 | Lair:1   | Entered Level 1 of the Lair of Beasts
  9276 | Lair:1   | Noticed a seven-headed hydra
  9293 | Lair:1   | Killed a seven-headed hydra
  9293 | Lair:1   | Reached skill level 5 in Evocations
  9560 | Lair:1   | Found a runed translucent door.
  9560 | Lair:1   | Noticed Taxzan's ghost (journeyman MiGl)
  9620 | Lair:1   | Reached *** piety under Okawaru
  9996 | Lair:1   | Reached **** piety under Okawaru
 10238 | Lair:1   | Noticed Erica
 10242 | Lair:1   | Killed Erica
 10673 | Lair:1   | Killed Taxzan's ghost
 10673 | Lair:1   | Reached ***** piety under Okawaru
 11172 | Lair:1   | Reached XP level 12. HP: 101/104 MP: 17/17
 12413 | Lair:2   | Received a gift from Okawaru
 12434 | Lair:2   | Got a faintly humming hat {god gift}
 12440 | Lair:2   | Identified the +0 hat of Narcissism {rElec Regen+ rCorr
                  | Stlth-} (Okawaru gifted it to you on level 2 of the Lair of
                  | Beasts)
 12505 | Lair:2   | Reached skill level 13 in Long Blades
 13183 | Lair:3   | Noticed a five-headed hydra
 13194 | Lair:3   | Killed an 11-headed hydra
 13413 | Lair:3   | Noticed a six-headed hydra
 13415 | Lair:3   | Reached skill level 10 in Fighting
 13417 | Lair:3   | Reached skill level 10 in Armour
 13417 | Lair:3   | Reached skill level 10 in Shields
 13422 | Lair:3   | Killed an eight-headed hydra
 13578 | Lair:3   | Noticed Gastronok
 13592 | Lair:3   | Killed Gastronok
 13592 | Lair:3   | Reached skill level 14 in Long Blades
 13703 | Lair:3   | Found a staircase to the Shoals.
 13783 | Lair:3   | Found the +12 glaive of Prune {chop}
 13978 | Lair:3   | Reached XP level 13. HP: 92/114 MP: 18/18
 14063 | Lair:4   | Found a frozen archway.
 14094 | Lair:4   | Reached ****** piety under Okawaru
 14112 | IceCv    | Entered an ice cave
 14127 | IceCv    | Received a gift from Okawaru
 14153 | IceCv    | Found a transporter.
 14184 | IceCv    | Found a transporter.
 14211 | IceCv    | Identified the Compendium of the Frostbite and Hexes
 14339 | Lair:4   | Found a staircase to the Snake Pit.
 14937 | Lair:5   | Found a staircase to the Slime Pits.
 14992 | Lair:5   | Reached skill level 15 in Long Blades
 15205 | Lair:5   | Received a gift from Okawaru
 16051 | Lair:6   | Entered Level 6 of the Lair of Beasts
 16245 | Lair:6   | Reached XP level 14. HP: 67/125 MP: 19/19
 16285 | Lair:6   | Reached skill level 16 in Long Blades
 16713 | Lair:6   | Received a gift from Okawaru
 17432 | Lair:6   | Found a runed translucent gate.
 17432 | Lair:6   | Found a runed translucent gate.
 17432 | Lair:6   | Found a runed translucent gate.
 17437 | Lair:6   | Noticed Necrophagist's ghost (journeyman HOFi)
 17947 | Lair:6   | Killed Necrophagist's ghost
 17972 | Lair:6   | Got a crystal war axe
 18549 | D:11     | Reached skill level 17 in Long Blades
 19210 | D:12     | Received a gift from Okawaru
 19265 | D:12     | Found a gate leading to a gauntlet.
 19272 | D:12     | Paralysed by a hornet for 3 turns
 19290 | Gauntlet | Entered a Gauntlet
 19290 | Gauntlet | Found a transporter.
 19336 | Gauntlet | Found a transporter.
 19353 | Gauntlet | Found a transporter.
 19356 | Gauntlet | Found a transporter.
 19365 | Gauntlet | Noticed an entropy weaver
 19366 | Gauntlet | Found a transporter.
 19386 | Gauntlet | Found a transporter.
 19389 | Gauntlet | Found a transporter.
 19393 | Gauntlet | Found a transporter.
 19416 | Gauntlet | Found a transporter.
 19435 | Gauntlet | Found a transporter.
 19437 | Gauntlet | Found a transporter.
 19439 | Gauntlet | Found a runed translucent door.
 19445 | Gauntlet | Found a transporter.
 19452 | Gauntlet | Found a runed translucent door.
 19556 | Gauntlet | Received a gift from Okawaru
 19643 | Gauntlet | Cast into level 2 of the Abyss (minotaur)
 19676 | Abyss:2  | Noticed a starcursed mass
 19878 | Abyss:2  | Noticed a starcursed mass
 19890 | Abyss:2  | Noticed a daeva
 19893 | Abyss:2  | Killed a starcursed mass
 19943 | Abyss:2  | Killed from afar by a daeva

Skill      XL: |  1  2  3  4  5  6  7  8  9 10 11 12 13 14 |
---------------+-------------------------------------------+-----
Long Blades    | 3 4 5 6 7 8 10 11 12 14 15 17 | 17.5
Fighting       | 4 5 7 8 9 10 11 13 | 13.1
Shields        | 4 5 7 8 9 10 11 13 | 13.1
Armour         | 4 5 7 8 9 10 11 13 | 13.0
Invocations    | 4 8 |  8.3
Evocations     | 4 7 8 |  8.0

Action                   |  1- 3 |  4- 6 |  7- 9 | 10-12 | 13-15 || total
-------------------------+-------+-------+-------+-------+-------++-------
Melee: Long sword        |    87 |   124 |   251 |   427 |   852 ||  1741
       Headbutt          |     9 |    22 |    51 |   109 |   215 ||   406
Invok: Heroism           |       |       |       |     3 |     3 ||     6
       Finesse           |       |       |       |       |     3 ||     3
Evoke: Wand              |       |       |     9 |    10 |    18 ||    37
  Use: Scroll            |     8 |     4 |     2 |    10 |     7 ||    31
       Potion            |       |       |     1 |     7 |     8 ||    16
 Stab: Paralysed         |       |       |     3 |     8 |    14 ||    25
  Eat: Chunk             |     2 |     5 |     8 |    23 |    16 ||    54
       Ration            |       |       |     1 |       |     1 ||     2
Armor: Scale mail        |    16 |       |       |       |       ||    16
       Plate armour      |    16 |    58 |    69 |   110 |   270 ||   523
Dodge: Dodged            |    33 |    21 |    53 |   138 |   256 ||   501
Block: Shield            |    54 |    73 |   147 |   227 |   561 ||  1062
       Reflection        |       |       |       |       |     6 ||     6
       Rpst.: Long sword |     7 |     9 |    15 |    47 |    61 ||   139
